Map: [ESL] Dragon Scales

Players

Nice

  • Race: Protoss Protoss
  • Spawn Location: 11:00

Coffee - Winner!

  • Race: Terran Terran
  • Spawn Location: 5:00

Event: ESL SC2 Masters 2023 Summer (Regionals)

VOD

Have the link to the VOD?

Description

Time

  • Played on: May 19, 2023, 9:34 a.m.
  • Length: 11:07

All games in this series

Show
View Real Time Build Order
Export as new Build Order

Nice Protoss 

Build Orders: 1 Gate Expand, Blink Stalkers, Zealot Archon 

Get SALT Encoding   

  12  0:00  Probe  
  13  0:12  Probe  
  14  0:20  Pylon  
  14  0:24  Probe  
  15  0:38  Probe (Chrono Boost)  
  15  0:40  Gateway  
  16  0:49  Assimilator  
  17  0:50  Probe (Chrono Boost)  
  17  0:54  Probe (Chrono Boost)  
  18  1:05  Probe  
  19  1:17  Probe  
  20  1:29  Cybernetics Core  
  20  1:35  Nexus  
  20  1:44  Pylon  
  20  1:49  Probe, Assimilator  
  21  2:01  Probe  
  22  2:02  Adept (Chrono Boost)  
  22  2:06  Warp Gate  
  22  2:08  Shield Battery  
  24  2:13  Probe  
  25  2:22  Adept (Chrono Boost)  
  25  2:25  Probe  
  28  2:33  Twilight Council  
  27  2:40  Probe  
  28  2:47  Stalker  
  28  2:49  Probe (Chrono Boost)  
  31  2:56  Probe (Chrono Boost)  
  32  3:01  Probe (Chrono Boost)  
  32  3:05  Blink (Chrono Boost)  
  34  3:07  Probe x2 (Chrono Boost)  
  35  3:16  Probe  
  35  3:19  Probe  
  35  3:28  Probe  
  35  3:31  Robotics Facility  
  35  3:32  Probe  
  37  3:40  Probe  
  38  3:42  Gateway  
  38  3:44  Probe  
  39  3:53  Probe, Gateway  
  40  3:56  Probe  
  40  3:58  Gateway  
  40  4:02  Stalker  
  43  4:06  Probe  
  44  4:11  Pylon  
  44  4:13  Pylon  
  44  4:15  Probe  
  43  4:18  Probe  
  43  4:20  Observer (Chrono Boost)  
  43  4:32  Stalker  
  43  4:33  Probe  
  43  4:35  Probe  
  43  4:36  Warp Prism (Chrono Boost)  
  49  4:42  Assimilator  
  49  4:43  Stalker  
  51  4:48  Shield Battery  
  51  4:49  Probe  
  51  4:52  Stalker  
  54  4:53  Probe  
  55  5:01  Stalker  
  55  5:07  Pylon  
  57  5:13  Pylon  
  57  5:22  Probe x2  
  57  5:24  Gateway  
  57  5:26  Gateway  
  57  5:28  Gateway  
  59  5:34  Gateway  
  59  5:38  Templar Archives  
  59  5:40  Zealot x2  
  63  5:47  Assimilator  
  63  5:53  Charge (Chrono Boost)  
  63  5:57  Stalker x2  
  61  5:59  Observer  
  61  6:03  Observer  
  57  6:06  Stalker x2  
  57  6:11  Pylon, Shield Battery  
  61  6:22  High Templar x2, Warp Prism (Chrono Boost)  
  61  6:23  Zealot  
  69  6:28  Observer  
  69  6:29  Zealot, Archon  
  69  6:30  Zealot  
  73  6:36  Zealot  
  73  6:37  Zealot  
  77  6:40  Sentry  
  79  6:48  Pylon  
  79  6:53  Pylon  
  79  6:58  Psionic Storm  
  79  7:02  High Templar x2  
  79  7:03  Zealot  
  79  7:08  Archon  
  85  7:09  Phoenix  
  85  7:14  Pylon  
  85  7:15  Pylon  
  85  7:20  Zealot x4  
  93  7:23  Observer  
  93  7:31  High Templar  
  93  7:36  Zealot  
  93  7:37  Zealot x2  
  101  7:39  Probe x2  
  92  7:46  Forge  
  92  7:58  High Templar  
  92  8:04  Zealot x4  
  102  8:06  Observer (Chrono Boost)  
  102  8:08  High Templar  
  97  8:14  Probe x2  
  79  8:27  High Templar  
  79  8:32  Probe x2  
  83  8:41  High Templar  
  83  8:42  Zealot  
  83  8:44  Probe (Chrono Boost)  
  86  8:50  Probe (Chrono Boost)  
  86  8:54  Probe (Chrono Boost)  
  86  8:55  High Templar  
  85  8:58  Probe (Chrono Boost)  
  86  9:03  Probe (Chrono Boost)  
  86  9:05  Observer  
  88  9:14  Probe (Chrono Boost)  
  88  9:15  Probe (Chrono Boost)  
  89  9:22  Probe (Chrono Boost), High Templar  
  91  9:31  Probe  
  91  9:33  High Templar  
  95  9:43  Zealot, Observer  
  95  9:44  Zealot  
  98  9:48  Zealot  
  98  9:51  High Templar  
  102  9:53  High Templar  
  104  10:02  Probe x2, Observer  
  106  10:14  Probe  
  106  10:17  Pylon  
  106  10:19  Pylon  
  107  10:21  Robotics Bay  
  107  10:23  Probe (Chrono Boost)  
  109  10:30  Probe (Chrono Boost)  
  109  10:35  Probe (Chrono Boost)  
  110  10:42  Probe (Chrono Boost)  
  111  10:44  Pylon  
  111  10:51  Archon  
  111  10:52  Zealot x2  
  111  10:53  Zealot  
Show
View Real Time Build Order
Export as new Build Order

Coffee Terran - Winner!

Build Orders: Reaper Expand 

Get SALT Encoding   

  12  0:00  SCV  
  13  0:12  SCV  
  14  0:17  Supply Depot  
  14  0:24  SCV  
  15  0:38  SCV  
  15  0:39  Barracks  
  15  0:42  Refinery  
  16  0:50  SCV  
  17  1:03  SCV  
  18  1:15  SCV  
  19  1:26  Reaper  
  19  1:27  Orbital Command  
  20  1:42  Command Center  
  20  1:48  Supply Depot  
  20  1:52  SCV  
  21  1:58  Marine  
  22  2:04  SCV  
  22  2:07  Factory  
  23  2:16  Bunker, SCV  
  23  2:20  Barracks Reactor  
  24  2:29  Barracks, SCV  
  25  2:38  Refinery  
  25  2:41  SCV  
  26  2:51  Factory Tech Lab  
  26  2:53  SCV  
  26  2:55  Orbital Command  
  27  3:05  SCV, Marine x2  
  28  3:11  Siege Tank  
  33  3:15  Barracks Tech Lab  
  33  3:17  SCV  
  34  3:23  Marine x2  
  36  3:29  SCV  
  36  3:31  SCV  
  37  3:37  Stimpack  
  37  3:41  SCV  
  37  3:45  Marine x3  
  40  3:51  SCV  
  40  3:53  SCV  
  42  3:57  Siege Tank  
  42  3:58  Supply Depot  
  42  4:02  Barracks, Marine  
  46  4:19  Marine  
  46  4:20  SCV x2  
  46  4:23  Supply Depot  
  49  4:26  Marine x2  
  54  4:33  Engineering Bay, SCV x2  
  53  4:39  Starport  
  53  4:43  Factory Reactor, Supply Depot  
  53  4:44  Refinery  
  53  4:45  SCV x2  
  55  4:48  Supply Depot  
  54  4:56  Supply Depot  
  54  4:57  SCV x2  
  56  5:00  Terran Infantry Weapons Level 1  
  56  5:06  Combat Shield  
  56  5:09  Marine x3, SCV x2  
  56  5:10  Marine  
  62  5:19  Supply Depot  
  62  5:21  SCV x2  
  64  5:29  Medivac x2  
  64  5:30  Marine x2  
  64  5:32  Marine  
  64  5:33  Marine, SCV x2  
  64  5:35  Factory Reactor  
  74  5:37  Supply Depot  
  73  5:45  SCV, Missile Turret  
  73  5:46  SCV  
  74  5:57  Marauder x2  
  74  5:58  SCV, Marine x2  
  80  6:04  Medivac  
  80  6:05  SCV, Medivac  
  80  6:10  SCV  
  84  6:13  Widow Mine x2  
  88  6:20  Marine x2, Marauder x2  
  88  6:23  Refinery, Supply Depot x2  
  94  6:26  Supply Depot  
  94  6:38  Marine x2  
  96  6:41  Marauder  
  96  6:42  Marauder  
  98  6:48  Widow Mine, Barracks, Armory  
  98  6:49  Barracks, Widow Mine  
  102  6:54  SCV x2  
  104  7:05  Marauder x2  
  104  7:06  Marine x2  
  110  7:09  Terran Infantry Armor Level 1  
  110  7:16  Supply Depot  
  110  7:17  Supply Depot  
  110  7:25  Widow Mine x2  
  110  7:26  Medivac x2  
  118  7:35  Supply Depot  
  118  7:46  Marauder x2  
  118  7:48  Barracks Reactor, Barracks Tech Lab  
  118  7:49  Ghost Academy  
  115  8:07  Marauder x2  
  115  8:12  Marauder, Marine x2  
  112  8:22  SCV x2  
  102  8:29  Marauder  
  102  8:32  Marine x4  
  106  8:34  SCV x2  
  108  8:43  Ghost x2  
  112  8:48  SCV  
  112  8:49  Ghost  
  112  8:51  Marine x2  
  112  8:52  Marine  
  112  8:53  Marine  
  115  9:11  SCV x2  
  115  9:13  Command Center  
  115  9:14  Marauder x2  
  115  9:15  Marine  
  115  9:16  Marine  
  123  9:19  Marauder  
  125  9:31  Viking x2  
  129  9:35  SCV x2  
  131  9:41  Supply Depot  
  131  9:42  Supply Depot, Ghost  
  132  9:48  Marine  
  132  9:49  Marine x3  
  135  9:53  SCV x2  
  134  10:00  Ghost  
  134  10:05  SCV  
  137  10:19  Marauder x2  
  140  10:22  Missile Turret  
  140  10:25  Marine x3  
  143  10:40  SCV x2  
  145  10:45  Marauder x3  
Tags
 
Add a new tag
Caveats
  • Supply blocks, unpowered buildings, or Contaminate may cause inaccurate times.
  • Supply counts are checked every 10 seconds.